MLB
ATLANTA BRAVES @ PHILADELPHIA PHILLIES
03/03/2042
 
TOP OF THE 1ST
Atlanta Braves batting - Pitching for Philadelphia Phillies : LHP Joe Barrett
Pitching: LHP Joe Barrett
Batting: RHB Oliver Rivera 0-0: Called Strike
0-1: Ball
1-1: Ball
2-1: Swinging Strike
2-2: Fly out, F7 (Flyball, 7, EV 83.1 MPH)
Batting: RHB Andy Scott 0-0: Ball
1-0: Ground out 5-3 (Groundball, 56, EV 108.8 MPH)
Batting: LHB Orlando Cháves 0-0: Fly out, F8 (Flyball, 8LM, EV 78.8 MPH)
Top of the 1st over - 0 runs, 0 hits, 0 errors, 0 left on base; Atlanta 0 - Philadelphia 0
BOTTOM OF THE 1ST
Philadelphia Phillies batting - Pitching for Atlanta Braves : RHP Desiderio Volpe
Pitching: RHP Desiderio Volpe
Batting: RHB César Vega 0-0: Ball
1-0: Ground out 6-3 (Groundball, 6, EV 86.9 MPH)
Batting: RHB Bob O'Herlihy 0-0: Ball
1-0: Swinging Strike
1-1: Ground out 5-3 (Groundball, 56, EV 83.8 MPH)
Batting: LHB Luis Gonzáles 0-0: Ball
1-0: SINGLE (Line Drive, 8RS, EV 105.6 MPH)
Batting: RHB Ed Jones 0-0: Ball
1-0: Fly out, F7 (Line Drive, 78M, EV 105.0 MPH)
Bottom of the 1st over - 0 runs, 1 hit, 0 errors, 1 left on base; Atlanta 0 - Philadelphia 0
TOP OF THE 2ND
Atlanta Braves batting - Pitching for Philadelphia Phillies : LHP Joe Barrett
Batting: RHB José Felisberto 0-0: Called Strike
0-1: Ball
1-1: Ball
2-1: Foul Ball, location: 2F
2-2: SOLO HOME RUN (Flyball, 78XD, EV 113.8 MPH), Distance : 476 ft
Batting: RHB César Plone 0-0: Called Strike
0-1: Ball
1-1: Called Strike
1-2: Ball
2-2: Ball
3-2: Fly out, F8 (Flyball, 8LXD, EV 93.1 MPH)
Batting: RHB Ted Coleman 0-0: Called Strike
0-1: Foul Ball, location: 2F
0-2: Ball
1-2: Ball
2-2: Foul Ball, location: 2F
2-2: Ball
3-2: Foul Ball, location: 5F
3-2: Base on Balls
Batting: RHB Cale Scutt 0-0: Grounds into double play, 6-4-3 (Groundball, 6, EV 83.1 MPH)
Top of the 2nd over - 1 run, 1 hit, 0 errors, 0 left on base; Atlanta 1 - Philadelphia 0
BOTTOM OF THE 2ND
Philadelphia Phillies batting - Pitching for Atlanta Braves : RHP Desiderio Volpe
Batting: RHB Raúl Jaramillo 0-0: Called Strike
0-1: Ball
1-1: Ball
2-1: Called Strike
2-2: Ground out 4-3 (Groundball, 4S, EV 60.6 MPH)
Batting: RHB Manny Maldonado 0-0: Ball
1-0: Ground out 4-3 (Groundball, 4, EV 83.1 MPH)
Batting: RHB Joe Massey 0-0: Ball
1-0: SINGLE (Line Drive, 56D, EV 95.0 MPH)
Batting: RHB Kawsen Al-Sadat 0-0: Ball
1-0: Fielders Choice at 2nd, 6-4 (Groundball, 56, EV 88.8 MPH)
Bottom of the 2nd over - 0 runs, 1 hit, 0 errors, 1 left on base; Atlanta 1 - Philadelphia 0
TOP OF THE 3RD
Atlanta Braves batting - Pitching for Philadelphia Phillies : LHP Joe Barrett
Batting: RHB Skip Larson 0-0: Ball
1-0: Fly out, F2 (Popup, 25F, EV 83.1 MPH)
Batting: RHB Artie McCall 0-0: Ground out 5-3 (Groundball, 56S, EV 80.0 MPH)
Batting: RHB Oliver Rivera 0-0: Called Strike
0-1: Ball
1-1: Ball
2-1: Ground out 6-3 (Groundball, 6, EV 105.6 MPH)
Top of the 3rd over - 0 runs, 0 hits, 0 errors, 0 left on base; Atlanta 1 - Philadelphia 0
BOTTOM OF THE 3RD
Philadelphia Phillies batting - Pitching for Atlanta Braves : RHP Desiderio Volpe
Batting: LHB Tim Thomas 0-0: Foul Ball, location: 2F
0-1: Ball
1-1: Ball
2-1: Fly out, F8 (Flyball, 89D, EV 93.8 MPH)
Batting: RHB César Vega 0-0: Ground out U3 (Groundball, 13, EV 81.9 MPH)
Batting: RHB Bob O'Herlihy 0-0: Ball
1-0: Foul Ball, location: 2F
1-1: Ground out 5-3 (Groundball, 5L, EV 85.0 MPH)
Bottom of the 3rd over - 0 runs, 0 hits, 0 errors, 0 left on base; Atlanta 1 - Philadelphia 0
TOP OF THE 4TH
Atlanta Braves batting - Pitching for Philadelphia Phillies : LHP Joe Barrett
Batting: RHB Andy Scott 0-0: Called Strike
0-1: Swinging Strike
0-2: Ball
1-2: Foul Ball, location: 5F
1-2: Hit by Pitch
Batting: LHB Orlando Cháves 0-0: SINGLE (Groundball, 25, EV 68.8 MPH) (infield hit)
Andy Scott to second
Batting: RHB José Felisberto 0-0: Swinging Strike
0-1: Ball
1-1: Called Strike
1-2: Foul Ball, location: 5F
1-2: Foul Ball, location: 2F
1-2: Ball
2-2: Foul Ball, location: 5SF
2-2: Strikes out swinging
Batting: RHB César Plone 0-0: Called Strike
0-1: Ball
1-1: Grounds into double play, 4-6-3 (Groundball, 4M, EV 84.4 MPH)
Top of the 4th over - 0 runs, 1 hit, 0 errors, 1 left on base; Atlanta 1 - Philadelphia 0
BOTTOM OF THE 4TH
Philadelphia Phillies batting - Pitching for Atlanta Braves : RHP Desiderio Volpe
Batting: LHB Luis Gonzáles 0-0: Ball
1-0: Ball
2-0: SINGLE (Line Drive, 78M, EV 100.6 MPH)
Batting: RHB Ed Jones 0-0: Ball
1-0: Swinging Strike
1-1: Foul Ball, location: 23F
1-2: Ball
2-2: Ball
3-2: Strikes out swinging
Batting: RHB Raúl Jaramillo 0-0: Ball
1-0: Ball
2-0: Ball
3-0: Called Strike
3-1: Swinging Strike
3-2: Fly out, F5 (Popup, 15, EV 76.9 MPH)
Batting: RHB Manny Maldonado 0-0: Called Strike
0-1: Swinging Strike
0-2: Strikes out swinging
Bottom of the 4th over - 0 runs, 1 hit, 0 errors, 1 left on base; Atlanta 1 - Philadelphia 0
TOP OF THE 5TH
Atlanta Braves batting - Pitching for Philadelphia Phillies : LHP Joe Barrett
Pitching: LHP Donnie Lucas
Now in CF: Riccardo Gabrieli
Now in RF: Noel Sullivan
Batting: RHB Ted Coleman 0-0: Fly out, F9 (Line Drive, 89S, EV 99.4 MPH)
Batting: RHB Cale Scutt 0-0: Called Strike
0-1: Ball
1-1: Ball
2-1: Foul Ball, location: 2F
2-2: Ball
3-2: Base on Balls
Batting: RHB Skip Larson 0-0: Ball
1-0: Foul Ball, location: 9LMF
1-1: Fielders Choice at 2nd, 1-6 (Groundball, 34S, EV 73.1 MPH)
Batting: RHB Artie McCall 0-0: Ball
1-0: Foul Ball, location: 2F
1-1: SINGLE (Groundball, 6S, EV 85.6 MPH) (infield hit)
Skip Larson to second
Batting: RHB Oliver Rivera 0-0: Ball
1-0: SINGLE (Line Drive, 34, EV 93.8 MPH)
Skip Larson to third
Artie McCall to second
Runner from 3rd tries for Home, SAFE, throw by RF to home
Batting: RHB Andy Scott 0-0: Ball
1-0: Swinging Strike
1-1: Swinging Strike
1-2: Ball
2-2: Ball
3-2: Foul Ball, location: 3DF
3-2: Base on Balls
Artie McCall to third
Oliver Rivera to second
Pinch Hitting: RHB Wilson Ramírez 0-0: Foul Ball, location: 9LDF
0-1: Foul Ball, location: 5FF
0-2: Strikes out looking
Top of the 5th over - 1 run, 2 hits, 0 errors, 3 left on base; Atlanta 2 - Philadelphia 0
BOTTOM OF THE 5TH
Philadelphia Phillies batting - Pitching for Atlanta Braves : RHP Desiderio Volpe
Now at C: Alex Fleming
Now in LF: Pete Saunders
Now in CF: Chris Sullivan
Now in RF: Kevin Hicks
Batting: RHB Joe Massey 0-0: Fly out, F7 (Flyball, 7LM, EV 91.9 MPH)
Batting: RHB Kawsen Al-Sadat 0-0: Ball
1-0: Called Strike
1-1: Ground out 5-3 (Groundball, 56D, EV 95.6 MPH)
Batting: LHB Tim Thomas 0-0: Called Strike
0-1: Called Strike
0-2: Ball
1-2: Ball
2-2: Fly out, F7 (Flyball, 78S, EV 95.0 MPH)
Bottom of the 5th over - 0 runs, 0 hits, 0 errors, 0 left on base; Atlanta 2 - Philadelphia 0
TOP OF THE 6TH
Atlanta Braves batting - Pitching for Philadelphia Phillies : LHP Donnie Lucas
Pitching: RHP Scotty Robinson
Now at 2B: Tony Kelley
Batting: RHB Alex Fleming 0-0: Ball
1-0: Called Strike
1-1: Ball
2-1: Ball
3-1: Foul Ball, location: 2F
3-2: Foul Ball, location: 2F
3-2: Strikes out swinging
Pinch Hitting: RHB Ed Simmons 0-0: Ball
1-0: Ball
2-0: Called Strike
2-1: Foul Ball, location: 2F
2-2: Ball
3-2: Fly out, F6 (Popup, 6, EV 58.8 MPH)
Batting: RHB Pete Saunders 0-0: Ground out 1-3 (Groundball, P, EV 62.5 MPH)
Top of the 6th over - 0 runs, 0 hits, 0 errors, 0 left on base; Atlanta 2 - Philadelphia 0
BOTTOM OF THE 6TH
Philadelphia Phillies batting - Pitching for Atlanta Braves : RHP Desiderio Volpe
Now at 1B: Ed Simmons
Now at 3B: Sean Prince
Batting: RHB César Vega 0-0: Called Strike
0-1: Ball
1-1: Ball
2-1: Ball
3-1: Base on Balls
Batting: LHB Mike Brewer 0-0: Called Strike
César Vega steals 2nd base
0-1: Called Strike
0-2: Fly out, F8 (Flyball, 89XD, EV 96.3 MPH)
Runner from 2nd tags up, SAFE at 3rd, no throw by CF
Batting: RHB Riccardo Gabrieli 0-0: Ball
1-0: Fly out, F9 (Flyball, 9D, EV 106.9 MPH)
Runner from 3rd tags up, SCORES, no throw by RF
Pinch Hitting: RHB Jeremy Baker 0-0: Called Strike
0-1: Ball
1-1: Called Strike
1-2: Strikes out swinging
Bottom of the 6th over - 1 run, 0 hits, 0 errors, 0 left on base; Atlanta 2 - Philadelphia 1
TOP OF THE 7TH
Atlanta Braves batting - Pitching for Philadelphia Phillies : RHP Scotty Robinson
Pitching: LHP Eric Doyle
Now at 3B: Jeremy Baker
Batting: LHB Bob Hansen 0-0: Called Strike
0-1: Swinging Strike
0-2: Strikes out looking
Batting: RHB Chris Sullivan 0-0: Called Strike
0-1: Fly out, F7 (Flyball, 7LM, EV 110.0 MPH)
Batting: RHB Sean Prince 0-0: Foul Ball, location: 5F
0-1: Ball
1-1: Foul Ball, location: 7LSF
1-2: Foul Ball, location: 9LSF
1-2: Ground out 5-3 (Groundball, 56S, EV 87.5 MPH)
Top of the 7th over - 0 runs, 0 hits, 0 errors, 0 left on base; Atlanta 2 - Philadelphia 1
BOTTOM OF THE 7TH
Philadelphia Phillies batting - Pitching for Atlanta Braves : RHP Desiderio Volpe
Pitching: RHP Kiyohira Tanaka
Batting: LHB Noel Sullivan 0-0: SINGLE (Line Drive, 89S, EV 92.5 MPH)
Batting: RHB Manny Maldonado 0-0: Fly out, F9 (Flyball, 9S, EV 98.8 MPH)
Batting: RHB Tony Kelley 0-0: Ball
1-0: Called Strike
1-1: Ball
2-1: Ball
3-1: Grounds into double play, 5-4-3 (Groundball, 56, EV 87.5 MPH)
Bottom of the 7th over - 0 runs, 1 hit, 0 errors, 0 left on base; Atlanta 2 - Philadelphia 1
TOP OF THE 8TH
Atlanta Braves batting - Pitching for Philadelphia Phillies : LHP Eric Doyle
Pitching: RHP Jon Jones
Batting: RHB Oliver Rivera 0-0: SINGLE (Groundball, 34D, EV 105.0 MPH)
Batting: RHB Andy Scott 0-0: Sac Bunt to 23 - play at first, batter OUT! 3-4
Oliver Rivera to second
Batting: SHB Kevin Hicks 0-0: Fly out, F9 (Flyball, 89M, EV 92.5 MPH)
Pinch Hitting: LHB Artie Davis 0-0: Ball
1-0: Foul Ball, location: 23F
1-1: Ball
2-1: Ground out 5-3 (Groundball, 56, EV 106.3 MPH)
Top of the 8th over - 0 runs, 1 hit, 0 errors, 1 left on base; Atlanta 2 - Philadelphia 1
BOTTOM OF THE 8TH
Philadelphia Phillies batting - Pitching for Atlanta Braves : RHP Kiyohira Tanaka
Pitching: RHP Teddy Vaillant
Now at C: Shawn Velázquez
Batting: RHB Kawsen Al-Sadat 0-0: Swinging Strike
0-1: Ground out 6-3 (Groundball, 56S, EV 86.9 MPH)
Batting: LHB Tim Thomas 0-0: Ball
1-0: Ball
2-0: Swinging Strike
2-1: Foul Ball, location: 3FF
2-2: Strikes out swinging
Batting: RHB César Vega 0-0: Called Strike
0-1: Ball
1-1: Ball
2-1: Foul Ball, location: 3DF
2-2: Foul Ball, location: 9LDF
2-2: Fly out, F8 (Line Drive, 8LD, EV 88.1 MPH)
Bottom of the 8th over - 0 runs, 0 hits, 0 errors, 0 left on base; Atlanta 2 - Philadelphia 1
TOP OF THE 9TH
Atlanta Braves batting - Pitching for Philadelphia Phillies : RHP Jon Jones
Pitching: LHP Pat Shryock
Batting: RHB Ed Simmons 0-0: Ground out 4-3 (Groundball, 4, EV 104.4 MPH)
Batting: RHB Pete Saunders 0-0: Ball
1-0: Swinging Strike
1-1: Ball
2-1: Swinging Strike
2-2: SINGLE (Groundball, 6MD, EV 95.6 MPH)
Batting: LHB Bob Hansen 0-0: Called Strike
0-1: Swinging Strike
0-2: Foul Ball, location: 7LMF
0-2: Strikes out swinging
Batting: RHB Chris Sullivan 0-0: Ball
1-0: Ball
2-0: Ball
3-0: Base on Balls
Pete Saunders to second
Batting: RHB Sean Prince 0-0: Called Strike
0-1: Called Strike
0-2: Foul Ball, location: 9LDF
0-2: Strikes out swinging
Top of the 9th over - 0 runs, 1 hit, 0 errors, 2 left on base; Atlanta 2 - Philadelphia 1
BOTTOM OF THE 9TH
Philadelphia Phillies batting - Pitching for Atlanta Braves : RHP Teddy Vaillant
Pitching: RHP Jim Goscombe
Batting: LHB Mike Brewer 0-0: Ball
1-0: Ball
2-0: Foul Ball, location: 2F
2-1: Fly out, F9 (Flyball, 9D, EV 99.4 MPH)
Pinch Hitting: LHB Don Ross 0-0: Ball
1-0: Foul Ball, location: 7LMF
1-1: Foul Ball, location: 7LSF
1-2: SINGLE (Line Drive, 7LS, EV 93.1 MPH)
Batting: RHB Jeremy Baker 0-0: Foul Ball, location: 23FF
0-1: Foul Ball, location: 9LDF
0-2: SINGLE (Groundball, 4MD, EV 104.4 MPH)
Don Ross to second
Runner from 2nd tries for 3rd, SAFE, throw by CF made to third
Pitching: LHP Chris Floyd
Batting: LHB Noel Sullivan 0-0: SINGLE (Line Drive, 4D, EV 95.0 MPH)
Don Ross scores
Jeremy Baker to second
Batting: RHB Manny Maldonado 0-0: Called Strike
0-1: Foul Ball, location: 2F
0-2: Strikes out swinging
Batting: RHB Tony Kelley 0-0: Called Strike
0-1: Swinging Strike
0-2: Ball
1-2: SINGLE (Groundball, 15S, EV 64.4 MPH) (infield hit)
Jeremy Baker to third
Noel Sullivan to second
Pitching: RHP Sam Brown
Batting: RHB Kawsen Al-Sadat 0-0: Foul Ball, location: 9LDF
0-1: Swinging Strike
0-2: Fly out, F5 (Line Drive, 5L, EV 73.8 MPH)
Bottom of the 9th over - 1 run, 4 hits, 0 errors, 3 left on base; Atlanta 2 - Philadelphia 2
TOP OF THE 10TH
Atlanta Braves batting - Pitching for Philadelphia Phillies : LHP Pat Shryock
Sean Prince starts the inning at 2nd base.
Pitching: RHP José Rincón
Now in CF: Don Ross
Batting: RHB Oliver Rivera 0-0: Bunted foul
0-1: Sac Bunt to 13S - play at third, runner OUT! 1-5
Batting: RHB Andy Scott 0-0: Ball
Oliver Rivera steals 2nd base
1-0: Swinging Strike
1-1: SINGLE (Groundball, 5D, EV 95.0 MPH)
Oliver Rivera to third
Batting: SHB Kevin Hicks 0-0: Swinging Strike
0-1: Ball
Andy Scott steals 2nd base (no throw)
1-1: Swinging Strike
1-2: Strikes out swinging
Batting: RHB Shawn Velázquez 0-0: Ground out 4-3 (Groundball, 4M, EV 88.1 MPH)
Top of the 10th over - 0 runs, 1 hit, 0 errors, 2 left on base; Atlanta 2 - Philadelphia 2
BOTTOM OF THE 10TH
Philadelphia Phillies batting - Pitching for Atlanta Braves : RHP Sam Brown
Kawsen Al-Sadat starts the inning at 2nd base.
Batting: LHB Tim Thomas 0-0: Foul Ball, location: 9LDF
0-1: Bunt missed!
0-2: Ball
1-2: Ball
2-2: Fly out, F7 (Flyball, 78D, EV 103.8 MPH)
Runner from 2nd tags up, SAFE at 3rd with throw by LF
Batting: RHB César Vega 0-0: SINGLE (Line Drive, 6MD, EV 103.1 MPH)
Kawsen Al-Sadat scores
Bottom of the 10th over - 1 run, 1 hit, 0 errors, 1 left on base; Atlanta 2 - Philadelphia 3
Friday, May 3rd , 2024 - OOTP Baseball 24.10 Build 82